 Seeded DCSS version 0.31-a0-521-gc7390f8997 (webtiles) character file.

Game seed: 11267003436938285035 (custom seed)

2114 innerfire43 the Insei (level 9, -4/68 HPs)
             Began as a Gnoll Shapeshifter on Aug 9, 2023.
             Was a Believer of Nemelex Xobeh.
             Succumbed to a death drake's dark miasma
             ... on level 7 of the Dungeon on Aug 10, 2023.
             The game lasted 00:09:36 (5115 turns).

innerfire43 the Insei (Gnoll Shapeshifter)          Turns: 5115, Time: 00:09:36

Health: -4/68      AC: 15    Str: 15    XL:     9   Next: 29%
Magic:  15/15      EV: 13    Int: 11    God:    Nemelex Xobeh [**....]
Gold:   335        SH:  0    Dex: 16    Spells: 16/16 levels left

rFire   . .          .
                       - Unarmed
rCold   . . .        (shield currently unavailable)
rNeg    . . .        s - +4 ring mail of Context {Int+3}
rPois   .            (no helmet)
rElec   .            y - +0 cloak
rCorr   .            (no gloves)
SInv    .            (no boots)
Will    .....        h - amulet of the acrobat
Stlth   +            e - +4 ring of protection
HPRegen 0.31/turn    (no ring)
MPRegen 0.14/turn

%: acrobat
@: brilliant, lethally poisoned (-4 -> -28), flux-form, slowed, glowing, very
slow
A: glow, contaminating, fangs 1, strong nose, distributed training
a: Begin Untransformation, Renounce Religion, Draw Escape, Draw Destruction,
Draw Summoning


You were on level 7 of the Dungeon.
You worshipped Nemelex Xobeh.
Nemelex Xobeh was pleased with you.
You were something dangerously unstable.
You visited 2 branches of the dungeon, and saw 8 of its levels.

You collected 335 gold pieces.

Inventory:

Armour
 s - the +4 ring mail of Context (worn) {Int+3}
   (You found it on level 3 of the Dungeon)

   Int+3:     It affects your intelligence (+3).
 y - a +0 cloak (worn)
Jewellery
 e - a +4 ring of protection (left hand)
 h - an amulet of the acrobat (around neck)
 C - a ring of willpower
Talismans
 c - a beast talisman
 d - a flux talisman (active)
Wands
 a - a wand of iceblast (3)
 m - a wand of charming (11)
 B - a wand of acid (7)
Scrolls
 g - a scroll of torment {unknown}
 i - 4 scrolls of enchant armour {unknown}
 j - 2 scrolls of enchant weapon {unknown}
 n - 8 scrolls of identify {unknown}
 p - 5 scrolls of teleportation {unknown}
 q - a scroll of amnesia {unknown}
 r - 2 scrolls of blinking {unknown}
 t - a scroll of butterflies {unknown}
 x - 2 scrolls of poison {unknown}
Potions
 b - 2 potions of lignification
 f - 2 potions of brilliance
 k - a potion of invisibility {unknown}
 l - a potion of curing {unknown}
 o - a potion of enlightenment {unknown}
 u - a potion of attraction {unknown}
 v - a potion of haste {unknown}
 w - 2 potions of degeneration {unknown}
 z - a potion of berserk rage {unknown}
 A - a potion of might {unknown}


   Skills:
 + Level 5.0 Fighting
 + Level 4.1 Short Blades
 + Level 4.1 Long Blades
 + Level 4.1 Axes
 + Level 4.1 Maces & Flails
 + Level 4.1 Polearms
 + Level 4.1 Staves
 + Level 4.1 Ranged Weapons
 + Level 4.1 Throwing
 + Level 4.1 Armour
 + Level 6.2 Dodging
 + Level 4.1 Stealth
 + Level 4.1 Shields
 + Level 7.8 Unarmed Combat
 + Level 4.1 Spellcasting
 + Level 3.4 Conjurations
 + Level 3.4 Hexes
 + Level 3.4 Summonings
 + Level 3.4 Necromancy
 + Level 3.4 Translocations
 + Level 3.4 Transmutations
 + Level 3.4 Fire Magic
 + Level 3.4 Ice Magic
 + Level 3.4 Air Magic
 + Level 3.4 Earth Magic
 + Level 3.4 Poison Magic
 + Level 4.6 Invocations
 + Level 4.1 Evocations
 + Level 7.4 Shapeshifting


You had 16 spell levels left.
You didn't know any spells.
Your spell library contained the following spells:

 Spells                   Type           Power      Damage    Failure   Level
 Apportation              Tloc           28%        N/A       11%         1
 Necrotise                Necr           56%        1d6       11%         1
 Shock                    Conj/Air       56%        1d6       11%         1
 Summon Small Mammal      Summ           56%        N/A       11%         1
 Blink                    Tloc           28%        N/A       16%         2
 Ensorcelled Hibernation  Hex/Ice        28%        N/A       16%         2
 Lesser Beckoning         Tloc           28%        N/A       16%         2
 Momentum Strike          Conj/Tloc      28%        3d8       16%         2
 Passwall                 Tmut/Erth      11%        N/A       16%         2
 Swiftness                Air            14%        N/A       32%         3
 Airstrike                Air            7%         2d(1-17)  71%         4
 Alistair's Intoxication  Tmut/Pois      9%         N/A       96%         5


Dungeon Overview and Level Annotations

Branches:
Dungeon (7/15)             Temple (1/1) D:4

Altars:
Elyvilon
Fedhas
Gozag
Hepliaklqana
Kikubaaqudgha
Makhleb
Nemelex Xobeh
Ru
Sif Muna
Trog
Uskayaw
Vehumet
Xom
Yredelemnul
Zin
The Shining One


Innate Abilities, Weirdness & Mutations

You are something dangerously unstable.
You glow with magical radiation, making you easy to see and hit.
Foes you strike become dangerously contaminated with magical radiation.
You are incapable of wielding weapons or throwing items.
You have very sharp teeth.
Your uncanny sense of smell can sniff out nearby items.
Your experience applies equally to all skills.


Message History

The vampire is no longer dazed.
The vampire mosquito is no longer dazed.
The death drake bites you but does no damage.
You closely miss the golden eye.
The death drake bites you but does no damage.
Unknown command.
You are too confused!
You bump into the stone wall.
The death drake barely misses you. The golden eye blinks at you.
You resist with some effort. The death drake barely misses you.
You miss the golden eye.
The golden eye blinks!
The death drake barely misses you.
Unknown command.
The death drake completely misses you.
A sky beast comes into view.
The death drake stops glowing.
The death drake breathes miasma at you.
The foul vapour engulfs you but does no damage.
The sky beast flickers out of sight!
You are engulfed in dark miasma.
You are poisoned.
You feel yourself slow down.
You feel very sick. The death drake barely misses you.
You are engulfed in dark miasma.
You are lethally poisoned!
* * * LOW HITPOINT WARNING * * *
You feel extremely sick. The death drake misses you.
You're too confused to move!
You feel less confused.
* * * LOW HITPOINT WARNING * * *
You feel extremely sick. The death drake barely misses you.
The death drake bites you but does no damage.
Unknown command.
It was a potion of brilliance.
You feel clever all of a sudden.
You die...
Your body disappears without additional glow.

#.......## #.........
#......... #.........
##..<..... #........
#######........
..############..............
......{.y°kB................
..{..###y#####.#####.###....
... ##.##.#..###.## .... G
∆#)#y##.##.#.#.# ....
#.#{V##.##.##.# ##
#.#$#c##.####.# .#####sK#.#
##. # #)### # k..


You could see a death drake (misshapen), a hornet (misshapen) and a vampire
mosquito.

Vanquished Creatures
  Prince Ribbit (D:6)
  Grinder (D:5)
  3 water moccasins
  A sky beast (D:6)
  A black bear (D:6)
  A centaur (D:6)
  A bullfrog (D:6)
  4 scorpions
  5 hounds
  An orc priest (D:3)
  A gnoll bouda (D:6)
  A jelly (D:5)
  3 iguanas
  4 sleepcaps
  An orc wizard (D:3)
  4 adders
  7 gnolls
  3 white imps
  2 worms
  3 dart slugs
  15 orcs
  6 ball pythons
  3 bats
  7 endoplasms
  3 giant cockroaches
  2 goblins
  7 hobgoblins
  2 jackals (D:1)
  5 kobolds
  2 quokkas
  5 frilled lizards
  5 rats
110 creatures vanquished.

Vanquished Creatures (collateral kills)
  A steam dragon (D:6)
  A gnoll bouda (D:6)
  A hound (D:6)
  2 gnolls (D:6)
5 creatures vanquished.

Grand Total: 115 creatures vanquished

Notes
Turn   | Place    | Note
-------+----------+-------------------------------------------
     0 | D:1      | innerfire43 the Gnoll Shapeshifter began the quest for the
                  | Orb.
     0 | D:1      | Reached XP level 1. HP: 17/17 MP: 1/1
     0 | D:1      | Upgraded the game from 0.31-a0-507-gbafd7f5274 to
                  | 0.31-a0-521-gc7390f8997
    59 | D:1      | Reached XP level 2. HP: 12/23 MP: 2/2
   324 | D:1      | Reached XP level 3. HP: 27/28 MP: 3/3
   587 | D:2      | You fall into a shaft and drop 1 floor!
   682 | D:2      | Reached skill level 1 in Invocations
   800 | D:2      | Reached skill level 1 in Short Blades
   800 | D:2      | Reached skill level 1 in Long Blades
   800 | D:2      | Reached skill level 1 in Axes
   800 | D:2      | Reached skill level 1 in Maces & Flails
   800 | D:2      | Reached skill level 1 in Polearms
   800 | D:2      | Reached skill level 1 in Staves
   800 | D:2      | Reached skill level 1 in Ranged Weapons
   800 | D:2      | Reached skill level 1 in Throwing
   800 | D:2      | Reached skill level 1 in Armour
   800 | D:2      | Reached skill level 1 in Stealth
   800 | D:2      | Reached skill level 1 in Shields
   800 | D:2      | Reached skill level 1 in Spellcasting
   800 | D:2      | Reached skill level 1 in Evocations
  1341 | D:3      | Identified the +4 ring mail of Context {Int+3}
  1376 | D:3      | Reached XP level 4. HP: 25/34 MP: 5/5
  1485 | D:3      | Reached skill level 1 in Conjurations
  1485 | D:3      | Reached skill level 1 in Hexes
  1485 | D:3      | Reached skill level 1 in Summonings
  1485 | D:3      | Reached skill level 1 in Necromancy
  1485 | D:3      | Reached skill level 1 in Translocations
  1485 | D:3      | Reached skill level 1 in Transmutations
  1485 | D:3      | Reached skill level 1 in Fire Magic
  1485 | D:3      | Reached skill level 1 in Ice Magic
  1485 | D:3      | Reached skill level 1 in Air Magic
  1485 | D:3      | Reached skill level 1 in Earth Magic
  1485 | D:3      | Reached skill level 1 in Poison Magic
  1544 | D:3      | Reached XP level 5. HP: 28/40 MP: 5/7
  2274 | D:4      | Found a bloodstained altar of Trog.
  2279 | D:4      | Found a staircase to the Ecumenical Temple.
  2293 | D:4      | Reached XP level 6. HP: 47/47 MP: 8/8
  2328 | D:4      | Found a hazy altar of Hepliaklqana.
  2369 | D:4      | Reached skill level 5 in Dodging
  2788 | Temple   | Entered the Ecumenical Temple
  2873 | Temple   | Became a worshipper of Nemelex Xobeh the Trickster
  2917 | D:5      | Entered Level 5 of the Dungeon
  2921 | D:5      | Noticed Grinder
  2923 | D:5      | Found an ancient bone altar of Kikubaaqudgha.
  2946 | D:5      | Reached XP level 7. HP: 5/52 MP: 10/10
  2949 | D:5      | Paralysed by Grinder for 4 turns
  2969 | D:5      | Killed Grinder
  3583 | D:5      | Reached * piety under Nemelex Xobeh
  3837 | D:5      | Reached XP level 8. HP: 49/60 MP: 12/12
  4140 | D:6      | Received a gift from Nemelex Xobeh
  4271 | D:6      | Identified the -2 quarterstaff "Aroerhaq" {freeze, rF+
                  | Will- Int+5}
  4452 | D:6      | Noticed Prince Ribbit
  4461 | D:6      | Killed Prince Ribbit
  4462 | D:6      | Reached XP level 9. HP: 57/66 MP: 14/14
  4741 | D:6      | Reached ** piety under Nemelex Xobeh
  5043 | D:7      | Received a gift from Nemelex Xobeh
  5055 | D:7      | Reached skill level 5 in Fighting
  5083 | D:7      | Noticed a troll
  5086 | D:7      | Noticed a two-headed ogre
  5087 | D:7      | Identified the +3 war axe "Fumotsiv" {speed, Int+3 Stlth+}
  5097 | D:7      | a two-headed ogre changed into a death drake
  5097 | D:7      | Noticed a death drake
  5097 | D:7      | a troll changed into a hornet
  5097 | D:7      | Noticed a hornet
  5097 | D:7      | a black bear changed into a rime drake
  5097 | D:7      | Noticed a rime drake
  5115 | D:7      | Succumbed to a death drake's dark miasma

Illustrated notes

Levels and vault maps discovered:
D:1:      reono_arrival_mine, layout_rooms, serial_bayou_lagoon_b
D:2:      layout_basic
D:3:      layout_loops_ring
D:4:      layout_cave_pools, mainiacjoe_overflow_cross_hatched,
          trog_butcher_becter, minmay_temple_entry_overgrown, serial_glass,
          glass_columns_c, glass_columns_b
D:5:      layout_loops_corners, kiku_gazebo_pond_becter,
          kennysheep_decorative_pillar, uniq_grinder
D:6:      minmay_bubble_buster, layout_basic, uniq_prince_ribbit1
D:7:      minmay_the_grid_square_5x5_3x3
          [minmay_the_grid_square_5x5_three_small,
          minmay_the_grid_square_5x5_detours,
          minmay_the_grid_square_5x5_two_small,
          minmay_the_grid_square_5x5_shuriken,
          minmay_the_grid_square_5x5_megaprize_open,
          minmay_the_grid_square_5x5_n_small,
          minmay_the_grid_square_5x5_bracketed,
          minmay_the_grid_square_5x5_checkered_statues,
          minmay_the_grid_square_5x5_almost_minimal], layout_cave_pods,
          mainiacjoe_overflow_small_starburst, ashenzari_conservatory_becter,
          serial_shops, shop, nicolae_shop_dragon_depot, grunt_ministairs_8
Temple:   nicolae_temple_figure_eight

Skill      XL: |  1  2  3  4  5  6  7  8  9 |
---------------+----------------------------+-----
Invocations    | 1 2 3 4 |  4.6
Short Blades   | 1 2 3 4 |  4.1
Long Blades    | 1 2 3 4 |  4.1
Axes           | 1 2 3 4 |  4.1
Maces & Flails | 1 2 3 4 |  4.1
Polearms       | 1 2 3 4 |  4.1
Staves         | 1 2 3 4 |  4.1
Ranged Weapons | 1 2 3 4 |  4.1
Throwing       | 1 2 3 4 |  4.1
Armour         | 1 2 3 4 |  4.1
Stealth        | 1 2 3 4 |  4.1
Shields        | 1 2 3 4 |  4.1
Spellcasting   | 1 2 3 4 |  4.1
Evocations     | 1 2 3 4 |  4.1
Conjurations   | 1 2 3 |  3.4
Hexes          | 1 2 3 |  3.4
Summonings     | 1 2 3 |  3.4
Necromancy     | 1 2 3 |  3.4
Translocations | 1 2 3 |  3.4
Transmutations | 1 2 3 |  3.4
Fire Magic     | 1 2 3 |  3.4
Ice Magic      | 1 2 3 |  3.4
Air Magic      | 1 2 3 |  3.4
Earth Magic    | 1 2 3 |  3.4
Poison Magic   | 1 2 3 |  3.4
Fighting       | 3 4 5 |  5.0
Dodging        | 5 6 |  6.2
Unarmed Combat | 7 |  7.8
Shapeshifting  | 7 |  7.4

Action                     |  1- 3 |  4- 6 |  7- 9 || total
---------------------------+-------+-------+-------++-------
  Melee: Unarmed           |   109 |   158 |   162 ||   429
         Bite              |    14 |    17 |    29 ||    60
 Invoke: Draw Summoning    |       |       |     2 ||     2
         Draw Destruction  |       |       |     1 ||     1
    Use: Potion            |       |       |     2 ||     2
 Armour: Animal skin       |    19 |       |       ||    19
         Ring mail         |     6 |    60 |    69 ||   135
  Dodge: Dodged            |    98 |    94 |   126 ||   318
   Form: Flux              |     1 |       |       ||     1

Table legend: (Time is in decaauts)
 A = Elapsed time spent in this place.
 B = Non-inter-level travel time spent in this place.
 C = Inter-level travel time spent in this place.
 D = Time resting spent in this place.
 E = Time spent auto-exploring this place.
 F = Levels seen in this place.
 G = Mean time per level.
                   A        B        C        D        E       F      G
               +--------+--------+--------+--------+--------+-----+--------+
         Total |   5087 |   4713 |    374 |      0 |   3868 |   8 |  635.9 |
       Dungeon |   4970 |   4710 |    260 |      0 |   3868 |   7 |  710.0 |
        Temple |    116 |      2 |    114 |      0 |      0 |   1 |  116.0 |
               +--------+--------+--------+--------+--------+-----+--------+

Top non-repeatable levels by time:
     D:6: 1055 daAuts
     D:5: 1038 daAuts
     D:3: 961 daAuts
     D:2: 700 daAuts
     D:1: 593 daAuts
     D:4: 541 daAuts
  Temple: 116 daAuts
     D:7: 80 daAuts
